 Dungeon Crawl Stone Soup version 0.28-a0-750-g7c675f85b1 (webtiles) character file.

Game seed: 2363126650204628139

150 karkarkar the Shield-Bearer (level 5, -1/33 HPs)
             Began as a Gargoyle Fighter on Oct 29, 2021.
             Slain by an iguana (4 damage)
             ... on level 4 of the Dungeon.
             The game lasted 00:07:42 (3566 turns).

karkarkar the Shield-Bearer (Gargoyle Fighter)      Turns: 3566, Time: 00:07:42

Health: -1/33      AC: 14    Str: 21    XL:     5   Next: 32%
Magic:  5/5        EV:  7    Int:  8    God:
Gold:   110        SH:  4    Dex:  9    Spells: 4/4 levels left

rFire   . . .      SeeInvis .   a - +0 war axe
rCold   . . .      Faith    .   c - +0 buckler
rNeg    + . .      Spirit   .   j - +0 chain mail
rPois   ∞          Reflect  .   (no helmet)
rElec   +          Harm     .   (no cloak)
rCorr   .          Rampage  .   (no gloves)
Will    .....                   f - +0 pair of boots
Stlth   ..........              (no amulet)
HPRegen 0.11/turn               (no ring)
MPRegen 0.09/turn               (no ring)

@: mighty
A: sickness immunity, AC +4, negative energy resistance 1, electricity
resistance, torment resistance 1, petrification resistance
a: no special abilities


You were on level 4 of the Dungeon.
You visited 1 branch of the dungeon, and saw 4 of its levels.

You collected 110 gold pieces.

Inventory:

Hand Weapons
 a - a +0 war axe (weapon)
Missiles
 k - 14 poisoned darts (quivered)
Armour
 c - a +0 buckler (worn)
 f - a +0 pair of boots (worn)
 j - a +0 chain mail (worn)
Jewellery
 e - a ring of willpower
Scrolls
 h - a scroll of identify {unknown}
 i - a scroll of enchant armour {unknown}
 l - a scroll of immolation {unknown}
 m - a scroll of silence {unknown}
 n - a scroll of enchant weapon {unknown}
Potions
 b - 2 potions of curing {unknown}
 g - a potion of lignification {unknown}


   Skills:
 + Level 3.9 Fighting
 + Level 3.4 Axes
 + Level 0.7 Throwing
 + Level 3.9 Armour
 + Level 0.2 Stealth
 - Level 4.0 Shields


You had 4 spell levels left.
You didn't know any spells.
Your spell library was empty.

Dungeon Overview and Level Annotations

Branches:
Dungeon (4/15)
 Temple: D:4-7

Altars:
Dithmenos
Fedhas
Trog
Xom
Zin

Annotations:
D:2 Sigmund


Innate Abilities, Weirdness & Mutations

You are immune to sickness and miasma.
Your stone body is resilient. (AC +4)
You are immune to poison.
You resist negative energy. (rN+)
You are resistant to electric shocks. (rElec)
You are resistant to unholy torment.
You are immune to petrification.


Message History

You see here 21 arrows.
There is a stone staircase leading down here.
You climb downwards.
The iguana hisses angrily.
There is a stone staircase leading up here.
An iguana is nearby!
The iguana bites you but does no damage.
Your chain mail prevents you from hitting the iguana.
The iguana bites you!
You closely miss the iguana. The iguana bites you.
You barely miss the iguana.
The iguana bites you but does no damage.
You slash the iguana!
The iguana is heavily wounded.
The iguana bites you but does no damage.
The iguana bites you!
* * * LOW HITPOINT WARNING * * *
You are too injured to fight recklessly!
There is a stone staircase leading up here.
You hit the iguana but do no damage.
The iguana is heavily wounded.
The iguana bites you.
* * * LOW HITPOINT WARNING * * *
You closely miss the iguana.
The iguana is heavily wounded.
The iguana bites you but does no damage.
You feel very mighty all of a sudden. You block the iguana's attack.
You slash the iguana!
The iguana is almost dead.
The iguana closely misses you. x2
You barely miss the iguana.
The iguana is almost dead.
The iguana bites you.
* * * LOW HITPOINT WARNING * * *
You hit the iguana but do no damage.
The iguana is almost dead.
The iguana bites you but does no damage.
The iguana bites you.
You die...

# ###
#.#@#
#..l#
###.#
..#
####


You could see an iguana.

Vanquished Creatures
  4 gnolls (D:2)
  An adder (D:3)
  2 worms
  2 dart slugs (D:3)
  3 orcs (D:3)
  6 ball pythons
  5 endoplasms
  4 giant cockroaches
  4 hobgoblins
  6 jackals (D:1)
  8 kobolds
  3 quokkas
  5 bats
  3 frilled lizards
  5 goblins
  6 rats
67 creatures vanquished.

Vanquished Creatures (others)
  An orc wizard (D:3)
1 creature vanquished.

Grand Total: 68 creatures vanquished

Notes
Turn   | Place    | Note
-------+----------+-------------------------------------------
     0 | D:1      | karkarkar the Gargoyle Fighter began the quest for the Orb.
     0 | D:1      | Reached XP level 1. HP: 14/14 MP: 1/1
   280 | D:1      | Reached XP level 2. HP: 10/19 MP: 2/2
   929 | D:1      | Reached XP level 3. HP: 19/23 MP: 3/3
  1403 | D:2      | Noticed Sigmund
  1904 | D:3      | Found a blossoming altar of Fedhas.
  1971 | D:3      | Found a faded altar of an unknown god.
  2005 | D:3      | Reached XP level 4. HP: 29/29 MP: 4/4
  2029 | D:3      | Reached skill level 4 in Shields
  3066 | D:2      | Reached XP level 5. HP: 27/33 MP: 5/5
  3187 | D:3      | Found a bloodstained altar of Trog.
  3187 | D:3      | Found a shimmering altar of Xom.
  3188 | D:3      | Found a glowing silver altar of Zin.
  3198 | D:3      | Found a shadowy altar of Dithmenos.
  3566 | D:4      | Slain by an iguana

Illustrated notes

Levels and vault maps discovered:
D:1:      dpeg_arrival_round_a, layout_basic
D:2:      layout_rooms, roderic_roman_lattice, uniq_sigmund
D:3:      layout_basic, mainiacjoe_overflow_surrounded_room,
          nicolae_overflow_quartered_altars, dreamdust_ecumenical_altar_statues,
          st_stairs_11
D:4:      layout_basic, mainiacjoe_overflow_brackets,
          nicolae_qazlal_general_emergency, chequers_serial_rivers_micro_b,
          lemuel_old_faithful

Skill      XL: |  1  2  3  4 |
---------------+-------------+-----
Axes           | 2 3 |  3.4
Shields        | 4 |  4.0
Fighting       | |  3.9
Throwing       | |  0.7
Armour         | |  3.9
Stealth        | |  0.2

Action                   |  1- 3 |  4- 6 || total
-------------------------+-------+-------++-------
Melee: War axe           |   125 |    84 ||   209
Throw: Dart              |       |     4 ||     4
  Use: Scroll            |       |     1 ||     1
       Potion            |       |     1 ||     1
Armor: Scale mail        |    73 |       ||    73
       Chain mail        |    21 |    63 ||    84
Dodge: Dodged            |    53 |    30 ||    83
Block: Buckler           |    36 |    22 ||    58

Table legend: (Time is in decaauts)
 A = Elapsed time spent in this place.
 B = Non-inter-level travel time spent in this place.
 C = Inter-level travel time spent in this place.
 D = Time resting spent in this place.
 E = Time spent auto-exploring this place.
 F = Levels seen in this place.
 G = Mean time per level.
                   A        B        C        D        E       F      G
               +--------+--------+--------+--------+--------+-----+--------+
         Total |   3649 |   3525 |    124 |    862 |   1763 |   4 |  912.2 |
       Dungeon |   3649 |   3525 |    124 |    862 |   1763 |   4 |  912.2 |
               +--------+--------+--------+--------+--------+-----+--------+

Top non-repeatable levels by time:
     D:1: 1469 daAuts
     D:3: 1167 daAuts
     D:2: 997 daAuts
     D:4: 14 daAuts
